 Dungeon Crawl Stone Soup version 0.31-a0-885-gbe960a18b5 (webtiles) character file.

Game seed: 10631207831573294293

563979 BinkBink the Gargoyle Blade (level 26, -8/179 HPs)
             Began as a Gargoyle Hunter on Oct 16, 2023.
             Was the Champion of Dithmenos.
             Mangled by a stone giant simulacrum (57 damage)
             ... on level 1 of the Tomb of the Ancients.
             The game lasted 02:31:00 (60957 turns).

BinkBink the Gargoyle Blade (Gargoyle Hunter)      Turns: 60957, Time: 02:31:01

Health: -8/179     AC: 56    Str: 19      XL:     26   Next: 73%
Magic:  41/41      EV: 24    Int: 15      God:    Dithmenos [******]
Gold:   1880       SH: 23    Dex: 33 (34) Spells: 25/25 levels left

rFire   + . .        s - +11 Singing Sword {sonic wave}
rCold   x . .        n - +4 kite shield of the Old and Reckless {rF+ rCorr Dex+4 Stlth+}
rNeg    + + .        d - +8 chain mail "Sifiatwo" {Str+5}
rPois   ∞            b - +2 helmet {SInv}
rElec   +            i - scarf of Powerful Birdsong {+Inv, rCorr MP+9 Str-4 Slay+5}
rCorr   +            N - +2 pair of gloves {Dex+3}
SInv    +            F - +3 pair of seven-league boots {Rampage+∞}
Will    ++...        Q - amulet of Vehumet's Benevolence {Regen+ MP+9 Int+4 Dex+3}
Stlth   ++           V - ring of positive energy
HPRegen 1.29/turn    W - ring "Reqehag" {rC- Will+ Dex+3 Slay+2}
MPRegen 0.27/turn

%: clarity, rampage+∞
@: flying, wreathed by umbra, studying 2 skills
A: sickness immunity, AC +20, big wings, negative energy resistance 1,
electricity resistance, torment resistance 1, petrification resistance, clarity,
mutation resistance 1
}: 3/15 runes: barnacled, slimy, gossamer
a: Renounce Religion, Evoke Invisibility, Shadow Step, Shadow Form


You were on level 1 of the Tomb of the Ancients.
You worshipped Dithmenos.
Dithmenos was exalted by your worship.
You visited 12 branches of the dungeon, and saw 53 of its levels.
You also visited: Sewer, Ice Cave and Volcano.

You collected 6859 gold pieces.
You spent 4979 gold pieces at shops.

Inventory:

Hand Weapons
 s - the +11 Singing Sword (weapon) {sonic wave}
   (You bought it in a shop on level 2 of the Orcish Mines)
 Y - a +9 spectral triple sword
Armour
 b - a +2 helmet of see invisible (worn)
 d - the +8 chain mail "Sifiatwo" (worn) {Str+5}
   (You bought it in a shop on level 2 of the Orcish Mines)

   Str+5:     It affects your strength (+5).
 i - the scarf of Powerful Birdsong (worn) {+Inv, rCorr MP+9 Str-4 Slay+5}
   (You acquired it on level 3 of the Dungeon)

   Str-4:     It affects your strength (-4).
   Slay+5:    It affects your accuracy & damage with ranged weapons and melee
   (+5).
   MP+9:      It affects your magic capacity (+9).
   rCorr:     It protects you from acid and corrosion.
 n - the +4 kite shield of the Old and Reckless (worn) {rF+ rCorr Dex+4 Stlth+}
   (You took it off Asterion on level 1 of the Spider Nest)

   Dex+4:     It affects your dexterity (+4).
   rF+:       It protects you from fire.
   rCorr:     It protects you from acid and corrosion.
   Stlth+:    It makes you more stealthy.
 F - the +3 pair of seven-league boots (worn) {Rampage+∞}
   (You found it on level 3 of the Elven Halls)

   Rampage+∞: When moving toward enemies, its wearer moves as far as possible,
   alerting their target en route.
 H - a +9 plate armour of positive energy
 N - a +2 pair of gloves of dexterity (worn)
 S - a +0 tower shield
Jewellery
 g - a +5 ring of evasion
 p - an amulet of magic regeneration
 q - the amulet "Utoic" {Reflect Dex+3 SH+5}
   (You acquired it on level 2 of the Depths)

   [amulet of reflection]

   Reflect:   It reflects blocked missile attacks.
   Dex+3:     It affects your dexterity (+3).
   SH+5:      It affects your SH (+5).
 v - the amulet "Kac Jitt" {Spirit Rampage Str+3 Slay+2}
   (You took it off a deep elf death mage on level 3 of the Elven Halls)

   [amulet of guardian spirit]

   Spirit:    It causes incoming damage to be divided between your reserves of
   health and magic.
   Str+3:     It affects your strength (+3).
   Slay+2:    It affects your accuracy & damage with ranged weapons and melee
   (+2).
   Rampage:   It bestows one free step when moving towards enemies.
 A - a ring of positive energy
 D - the ring "Ceisori" {Contam Fly rElec rC+ Stlth+}
   (You found it on level 5 of the Pits of Slime)

   [ring of flight]

   rC+:       It protects you from cold.
   rElec:     It insulates you from electricity.
   Fly:       It grants you flight.
   Contam:    It causes magical contamination when unequipped.
   Stlth+:    It makes you more stealthy.
 G - the amulet of Zisuerch {Acrobat Str+3}
   (You found it on level 1 of the Spider Nest)

   [amulet of the acrobat]

   Acrobat:   It increases your evasion while moving and waiting.
   Str+3:     It affects your strength (+3).
 K - a +6 ring of intelligence
 Q - the amulet of Vehumet's Benevolence (around neck) {Regen+ MP+9 Int+4 Dex+3}
   (You found it on level 5 of the Pits of Slime)

   [amulet of regeneration]

   Int+4:     It affects your intelligence (+4).
   Dex+3:     It affects your dexterity (+3).
   MP+9:      It affects your magic capacity (+9).
   Regen+:    It increases your rate of health regeneration.
 V - a ring of positive energy (left hand)
 W - the ring "Reqehag" (right hand) {rC- Will+ Dex+3 Slay+2}
   (You bought it in a shop on level 2 of the Orcish Mines)

   [ring of willpower]

   Dex+3:     It affects your dexterity (+3).
   Slay+2:    It affects your accuracy & damage with ranged weapons and melee
   (+2).
   rC-:       It makes you vulnerable to cold.
   Will+:     It increases your willpower.
Wands
 k - a wand of light (26)
 x - a wand of mindburst (56)
 y - a wand of polymorph (52)
 z - a wand of flame (140)
 B - a wand of paralysis (74)
 I - a wand of roots (35)
 P - a wand of digging (18)
Scrolls
 e - 15 scrolls of teleportation
 f - 5 scrolls of enchant armour
 m - 3 scrolls of immolation
 o - 7 scrolls of fog
 r - 11 scrolls of poison
 w - 7 scrolls of amnesia
 C - 5 scrolls of revelation
 E - 8 scrolls of fear
 J - 3 scrolls of butterflies
 O - a scroll of silence
 U - a scroll of blinking
 X - a scroll of brand weapon
Potions
 a - 3 potions of cancellation
 c - 3 potions of resistance
 h - 6 potions of ambrosia
 j - 9 potions of enlightenment
 l - 4 potions of haste
 t - 16 potions of curing
 u - 4 potions of might
 L - 9 potions of mutation
 M - 7 potions of magic
 R - 10 potions of brilliance
 T - 3 potions of berserk rage
 Z - 8 potions of heal wounds


   Skills:
 + Level 21.7 Fighting
 * Level 24.6 Long Blades
 - Level 8.1 Ranged Weapons
 + Level 21.6 Armour
 + Level 16.8 Dodging
 - Level 1.1 Stealth
 + Level 20.3 Shields


You had 25 spell levels left.
You didn't know any spells.
Your spell library contained the following spells:

 Spells                   Type           Power      Damage    Failure   Level
 Apportation              Tloc           0%         N/A       75%         1
 Foxfire                  Conj/Fire      0%         2x1d4     75%         1
 Freeze                   Ice            0%         1d3       75%         1
 Necrotise                Necr           0%         1d4       75%         1
 Shock                    Conj/Air       0%         1d3       75%         1
 Slow                     Hex            0%         N/A       75%         1
 Ensorcelled Hibernation  Hex/Ice        0%         N/A       86%         2
 Jinxbite                 Hex            0%         N/A       86%         2
 Momentum Strike          Conj/Tloc      0%         3d8       86%         2
 Passwall                 Tmut/Erth      0%         N/A       86%         2
 Poisonous Vapours        Pois/Air       0%         N/A       86%         2
 Scorch                   Fire           0%         2d5       86%         2
 Static Discharge         Conj/Air       0%         2-2/arc   86%         2
 Wereblood                Tmut           0%         N/A       86%         2
 Call Canine Familiar     Summ           0%         N/A       98%         3
 Confusing Touch          Hex            0%         N/A       98%         3
 Dazzling Flash           Conj/Hex       0%         N/A       98%         3
 Frozen Ramparts          Ice            0%         1d1       98%         3
 Hailstorm                Conj/Ice       0%         3d3       98%         3
 Mephitic Cloud           Conj/Pois/Air  0%         N/A       98%         3
 Sigil of Binding         Hex            0%         N/A       98%         3
 Summon Guardian Golem    Hex/Summ       0%         N/A       98%         3
 Swiftness                Air            0%         N/A       98%         3
 Tukima's Dance           Hex            0%         N/A       98%         3
 Vampiric Draining        Necr           0%         2d6       98%         3
 Volatile Blastmotes      Fire/Tloc      0%         2d10      98%         3
 Airstrike                Air            0%         2d(0-16)  100%        4
 Anguish                  Hex/Necr       0%         N/A       100%        4
 Animate Armour           Summ/Erth      0%         N/A       100%        4
 Cause Fear               Hex            0%         N/A       100%        4
 Dimensional Bullseye     Hex/Tloc       0%         N/A       100%        4
 Flame Wave               Conj/Fire      0%         2d4       100%        4
 Fulminant Prism          Conj/Hex       0%         3d5       100%        4
 Iskenderun's Mystic Bla  Conj/Tloc      0%         2d3       100%        4
 Leda's Liquefaction      Hex/Erth       0%         N/A       100%        4
 Manifold Assault         Tloc           0%         N/A       100%        4
 Olgreb's Toxic Radiance  Pois           0%         N/A       100%        4
 Passage of Golubria      Tloc           0%         N/A       100%        4
 Summon Ice Beast         Ice/Summ       0%         N/A       100%        4
 Summon Lightning Spire   Summ/Air       0%         N/A       100%        4
 Agony                    Necr           0%         N/A       100%        5
 Fireball                 Conj/Fire      0%         3d3       100%        5
 Freezing Cloud           Conj/Ice/Air   0%         6-21      100%        5
 Irradiate                Conj/Tmut      0%         3d11      100%        5
 Lee's Rapid Deconstruct  Erth           0%         3d4*      100%        5
 Silence                  Hex/Air        0%         N/A       100%        5
 Yara's Violent Unravell  Hex/Tmut       0%         3d3       100%        5
 Conjure Ball Lightning   Conj/Air       0%         3x3d6     100%        6
 Dispersal                Tloc           0%         N/A       100%        6
 Plasma Beam              Fire/Air       0%         2x1d10    100%        6
 Simulacrum               Ice/Necr       0%         N/A       100%        6
 Summon Cactus Giant      Summ           0%         N/A       100%        6
 Enfeeble                 Hex            0%         N/A       100%        7
 Haunt                    Necr/Summ      0%         N/A       100%        7
 Malign Gateway           Summ/Tloc      0%         N/A       100%        7
 Orb of Destruction       Conj           0%         9d5       100%        7
 Ozocubu's Refrigeration  Ice            0%         4d7       100%        7
 Spellforged Servitor     Conj/Summ      0%         N/A       100%        7
 Discord                  Hex            0%         N/A       100%        8
 Disjunction              Tloc           0%         N/A       100%        8
 Ignition                 Fire           0%         3d3       100%        8
 Lehudib's Crystal Spear  Conj/Erth      0%         10d2      100%        8
 Dragon's Call            Summ           0%         N/A       100%        9
 Polar Vortex             Ice            0%         N/A       100%        9


Dungeon Overview and Level Annotations

Branches:
Dungeon (15/15)            Temple (1/1) D:7            Lair (5/5) D:9
 Shoals (4/4) Lair:3       Spider (4/4) Lair:2        Slime (5/5) Lair:4
    Orc (2/2) D:11            Elf (3/3) Orc:2        Vaults (5/5) D:13
  Crypt (3/3) Vaults:2       Tomb (2/3) Crypt:3      Depths (4/4) D:15
    Zot (0/5) Depths:4      Sewer (visited)           IceCv (visited)
Volcano (visited)

Altars:
Ashenzari
Cheibriados
Dithmenos
Elyvilon
Fedhas
Gozag
Hepliaklqana
Kikubaaqudgha
Makhleb
Nemelex Xobeh
Okawaru
Qazlal
Ru
Sif Muna
Trog
Uskayaw
Vehumet
Wu Jian
Xom
Yredelemnul
Zin
The Shining One
Jiyva

Shops:
D:6 [   D:10 :   D:13 *(   D:15 [   Orc:2 [=[?(   Elf:1 ?   Elf:3 [:=:?:*!
Vaults:1 ?   Depths:1 *   Depths:2 [*:(?*   Depths:3 ([(   Depths:4 [

Portals:
Hell: Lair:5 Depths:1 Depths:2 Depths:3 Depths:4
Abyss: Depths:3 Depths:4
Pandemonium: Depths:2
Ziggurat: Depths:1
Trove: Vaults:4 (show abyssal rune of Zot)

Annotations:
Depths:1 1 runed translucent door, Tuntiy's ghost, veteran DjFE


Innate Abilities, Weirdness & Mutations

You are immune to sickness and miasma.
Your stone body is resilient. (AC +20)
You are immune to poison.
Your large and strong wings let you fly.
You resist negative energy. (rN+)
You are resistant to electric shocks. (rElec)
You are resistant to unholy torment.
You are immune to petrification.
You possess an exceptional clarity of mind.
You are somewhat resistant to further mutation.


Message History

The royal mummy casts a spell at you. Something smites you!
You cut the royal mummy into ribbons!!!
The royal mummy is almost destroyed.
You block the spriggan defender skeleton's attack.
The royal mummy closely misses you.
Unknown command.
You slash the royal mummy!
You destroy the royal mummy!
Dithmenos accepts your kill.
You feel extremely nervous for a moment...
Your body is wracked with pain!
You block the spriggan defender skeleton's attack.
You slash the spriggan defender skeleton!
The Singing Sword chimes melodiously.
You send a blast of sound all around you.
The mummy priest is moderately damaged.
You destroy the spriggan defender skeleton!
Dithmenos accepts your kill.
The mummy priest invokes the aid of its god against you.
Something smites you!
* * * LOW HITPOINT WARNING * * *
You feel your dexterity returning.
You slash the stone giant simulacrum!
The stone giant simulacrum is lightly damaged.
Your shadow hits the stone giant simulacrum with a double sword.
You hit the stone giant simulacrum.
The stone giant simulacrum is moderately damaged.
Your shadow hits the stone giant simulacrum with a double sword!
The stone giant simulacrum completely misses you.
You completely miss the stone giant simulacrum.
The stone giant simulacrum is heavily damaged.
The mummy priest calls on the powers of darkness!
Your body is wracked with pain!
* * * LOW HITPOINT WARNING * * *
You feel much better. The stone giant simulacrum hits you!
* * * LOW HITPOINT WARNING * * *
The stone giant simulacrum freezes you!!!
You feel a terrible chill!
You die...

.....# #...............)....###
.....# #..............^........
.....# #......^................
.....# ##############.......###
.....# #......§§§§.###'''''##
.....# #....M.M§§$.##.......#
.....# #..#######§.##.8...8.#
.....# #.M##§§§§#§.##.......#
.....# #..#§§#@§#..##.......#
.....# #.B####Z.#BM##.8...8.#
.....# #.BMB..M.#.B##.......#
.....# #>M......#§B##....(..#
.....# ##########M.##.8...8.#
.....# #.......# .....# #.......#
.....# #.8...8.#
.....##################.).....###


You could see a mummy priest and a stone giant simulacrum.

Vanquished Creatures
  the Royal Jelly (Slime:5)
  A dread lich (Crypt:3)
  Mara (Depths:3)
  Mennas (Depths:4)
  Sojobo (Vaults:3)
  10 royal mummies
  Saint Roka (Vaults:1)
  Norris (Depths:3)
  Jory (Vaults:3)
  Nikola (Shoals:1)
  2 bone dragons (Crypt:3)
  Arachne (Spider:3)
  4 liches
  Mlioglotl (Spider:3)
  A deep elf master archer (Elf:3)
  A titan (Vaults:1)
  16 sphinxes
  A deep elf blademaster (Elf:3)
  Asterion (Spider:1)
  20 acid blobs
  The ghost of Ulaiz the Covert, an adept OpSu of Hepliaklqana (Spider:2)
  Agnes (Spider:1)
  2 shadow dragons
  5 ancient champions
  5 tengu reavers
  Roxanne (Shoals:1)
  4 revenants
  10 azure jellies
  Donald (Slime:5)
  A draconian knight (Depths:4)
  4 fire giants
  5 rockslimes
  7 deep elf sorcerers (Elf:3)
  Louise (Elf:2)
  12 frost giants
  6 emperor scorpions (Spider:4)
  18 vault wardens
  4 deep elf elementalists (Elf:3)
  6 ghost moths
  5 ghouls
  An iron dragon (Depths:4)
  2 broodmothers
  A curse skull (Crypt:1)
  A draconian stormcaller (Depths:4)
  A draconian shifter (Depths:4)
  3 spriggan defenders
  17 quicksilver oozes
  The ghost of Minoc the Fencer, a journeyman FoGl of Wu Jian (Lair:3)
  4 formless jellyfish
  19 ironbound preservers
  A reaper (Crypt:2)
  15 very ugly things
  8 ironbound thunderhulks
  12 stone giants
  2 juggernaut skeletons
  The ghost of Salticidae the Spry, an adept FeSh of Wu Jian (Spider:2)
  2 caustic shrike skeletons (Crypt:3)
  13 vampire knights
  3 deep elf demonologists
  A green draconian (Depths:4)
  A white draconian (Depths:4)
  A red draconian (Depths:4)
  4 bennus (Tomb:1)
  11 deep elf annihilators
  18 spark wasps
  A black draconian (Depths:4)
  13 dire elephants
  A yellow draconian (Depths:4)
  8 deep elf death magi
  5 eidola
  Josephine (D:10)
  5 merfolk javelineers (Shoals:4)
  A crystal guardian (Vaults:2)
  5 ettins
  A green death (Depths:2)
  9 mummy priests
  8 deep elf high priests
  A spriggan zombie (Tomb:2)
  6 merfolk impalers
  7 entropy weavers
  10 jiangshi
  A fenstrider witch zombie (Crypt:2)
  8 fire dragons
  2 hell beasts (Depths:2)
  13 yaktaur captains
  A sphinx zombie (Depths:1)
  4 rakshasas
  14 great orbs of eyes
  2 jorogumos (Spider:4)
  3 peacekeepers
  2 spriggan air magi (Depths:2)
  2 merfolk avatars (Shoals:4)
  11 vault guards
  12 ironbound frosthearts
  8 ice dragons
  7 ogre magi
  A death knight (Crypt:3)
  4 hydras
  Erica (D:8)
  9 boulder beetles
  14 centaur warriors
  3 radroaches
  4 satyrs
  8 two-headed ogres
  27 dancing weapons
  2 merfolk aquamancers (Shoals:4)
  2 catoblepae
  An Orb Guardian skeleton (Crypt:2)
  2 death yaks (Lair:4)
  2 deep troll shamans
  38 death scarabs
  Urug (Lair:3)
  3 soul eaters
  2 alligator snapping turtles
  2 deep troll earth magi (Depths:3)
  12 demonic crawlers
  2 titan zombies
  An orc high priest (Elf:1)
  4 spriggan berserkers (Depths:4)
  12 tengu warriors
  2 emperor scorpion zombies
  3 hell knights (Depths:3)
  6 vampire magi
  7 spriggans
  6 iron trolls
  9 sun demons (Depths:2)
  A storm dragon zombie (Crypt:2)
  A salamander mystic (Depths:2)
  A sixfirhy (Lair:5)
  22 deep elf knights
  57 skeletal warriors
  6 skysharks
  4 pharaoh ants
  12 sea snakes
  6 glowing orange brains
  5 sun moths
  Lodul (D:10)
  4 flayed ghosts
  51 deep trolls
  14 deep elf archers
  10 orb spiders
  4 bog bodies
  11 ironbound convokers
  An iron giant skeleton (Crypt:1)
  7 wizards
  9 steelbarb worms
  6 lindwurms
  2 anaconda skeletons
  19 wolf spiders
  3 orc knights
  10 phantasmal warriors
  37 deep elf zephyrmancers
  29 harpies
  A stone giant zombie (Tomb:2)
  35 deep elf pyromancers
  6 necromancers
  2 shadow dragon skeletons (Crypt:3)
  6 salamanders
  8 shining eyes
  7 fauns
  29 ugly things
  10 orc sorcerers
  An iron dragon skeleton (Crypt:3)
  2 moths of wrath
  6 cyclopes
  5 black mambas
  11 merfolk sirens
  18 manticores
  2 stone giant skeletons
  An ice statue (IceCv)
  7 elephants
  Joseph (D:7)
  3 eyes of devastation
  10 vault sentinels
  3 orange demons (Lair:5)
  A smoke demon (Depths:2)
  2 dire elephant skeletons
  8 torpor snails
  4 water nymphs
  9 cane toads
  5 centaur skeletons
  A gargoyle (D:13)
  Jeremiah (D:7)
  6 unseen horrors
  Maggie (Lair:1)
  10 komodo dragons
  18 yaktaurs
  5 tengu conjurers
  An anaconda simulacrum (IceCv)
  4 freezing wraiths
  6 rime drakes
  5 ice devils
  23 guardian mummies
  A pale draconian skeleton (Crypt:1)
  A redback zombie (D:15)
  A harpy zombie (Tomb:1)
  A hellwing (Lair:5)
  9 hornets
  5 wind drakes
  21 merfolk
  A tengu simulacrum (Depths:1)
  30 tarantellas
  9 trolls
  5 polar bears
  A shadow dragon simulacrum (Crypt:2)
  6 meliai (Spider:1)
  A tarantella (shapeshifter) (D:13)
  4 harpy skeletons
  A hydra skeleton (Crypt:3)
  A dream sheep (shapeshifter) (Depths:4)
  11 blink frogs
  2 dream sheep (Shoals:2)
  6 snapping turtles
  121 slime creatures
  A meliai zombie (Crypt:3)
  A spectral dream sheep (Lair:3)
  A culicivora (shapeshifter) (Elf:3)
  26 culicivoras
  2 vampires
  An ettin skeleton (Crypt:3)
  33 flying skulls
  26 jumping spiders
  3 spectral black mambas (Lair:3)
  8 water elementals
  3 air elementals
  5 wyverns
  10 wraiths
  12 ushabtiu
  4 basilisks
  4 fire bats (Volcano)
  A golden eye (shapeshifter) (Elf:3)
  36 yaks
  5 chaos spawn (Depths:4)
  3 fire elementals (Elf:1)
  7 humans (D:13)
  59 redbacks
  A wind drake skeleton (Crypt:3)
  12 golden eyes
  3 steam dragons
  7 vampire mosquitoes
  4 death yak simulacra (IceCv)
  4 large abominations (Depths:4)
  6 wargs
  A skyshark zombie (Crypt:3)
  A glowing shapeshifter zombie (Crypt:2)
  A harpy simulacrum (Crypt:2)
  An acid dragon (shapeshifter) (D:13)
  2 acid dragons
  A fire bat zombie (Crypt:3)
  14 water moccasins
  3 hell hounds (Lair:5)
  3 ice beasts
  A hornet zombie (D:15)
  16 orc warriors
  2 black bears
  24 ogres
  A snapping turtle zombie (Crypt:2)
  A black mamba simulacrum (Crypt:2)
  A black bear (shapeshifter) (D:13)
  5 centaurs
  A hog zombie (Crypt:1)
  15 wolves
  3 boggarts
  2 elephant skeletons (Crypt:3)
  2 phantoms (D:6)
  14 bullfrogs
  2 gnoll sergeants
  A salamander skeleton (Crypt:2)
  3 two-headed ogre simulacra (IceCv)
  An earth elemental (Elf:1)
  3 cane toad simulacra
  3 necrophages (Crypt:1)
  2 scorpions
  17 wights
  A draconian skeleton (Crypt:3)
  A queen bee zombie (Crypt:3)
  3 small abominations (Depths:4)
  12 killer bees
  5 spriggan skeletons
  A yak skeleton (Crypt:2)
  A wolf zombie (Crypt:1)
  5 electric eels
  A komodo dragon simulacrum (Lair:3)
  A hound (D:3)
  12 orc priests
  3 iguanas
  2 jellies
  3 sleepcaps
  36 orc wizards
  8 spriggan simulacra
  5 polar bear simulacra (IceCv)
  2 wolf simulacra (IceCv)
  5 troll simulacra (IceCv)
  A naga skeleton (Crypt:3)
  A hound zombie (Crypt:1)
  23 mummies
  12 gnolls
  An adder (shapeshifter) (Depths:3)
  15 adders
  7 naga simulacra (IceCv)
  6 river rats (Sewer)
  A swamp drake skeleton (Crypt:2)
  A shadow imp (D:6)
  15 white imps
  5 ufetubi
  An iguana zombie (Crypt:1)
  2 lava snake zombies
  7 worms
  2 dart slugs (D:4)
  56 orcs
  9 endoplasms
  5 giant cockroaches
  12 goblins
  5 hobgoblins
  3 jackals (Sewer)
  10 kobolds
  5 quokkas
  13 ball pythons
  11 bats
  7 frilled lizards
  4 rats
  2 spectral weapons
2310 creatures vanquished.

Vanquished Creatures (others)
  A fire giant (Depths:1)
  A red draconian (Depths:4)
  A sea snake (Shoals:1)
  A harpy (Shoals:4)
  A manticore (Shoals:1)
  A moth of wrath (Spider:4)
  2 wind drakes (Shoals:1)
  A water elemental (Elf:3)
  2 orcs
  3 starspawn tentacles (Spider:3)
14 creatures vanquished.

Grand Total: 2324 creatures vanquished

Notes
Turn   | Place    | Note
-------+----------+-------------------------------------------
     0 | D:1      | BinkBink the Gargoyle Hunter began the quest for the Orb.
     0 | D:1      | Reached XP level 1. HP: 12/12 MP: 1/1
     8 | D:1      | You fall into a shaft and drop 1 floor!
   199 | D:1      | Reached XP level 2. HP: 18/18 MP: 2/2
   738 | D:1      | Reached skill level 1 in Armour
   887 | D:2      | Reached XP level 3. HP: 22/22 MP: 3/3
   950 | D:2      | Reached XP level 4. HP: 25/27 MP: 4/4
   999 | D:2      | Identified the +2 ring mail "Kyucusu" {Dex+3}
  2055 | D:3      | Identified 2 scrolls of acquirement
  2056 | D:3      | Acquired the scarf of Powerful Birdsong {+Inv, rCorr MP+9
                  | Str-4 Slay+5}
  2139 | D:3      | Acquired the +0 pair of boots "Arphosyma" {Harm Will+ rCorr
                  | SInv}
  2256 | D:4      | Noticed an ice beast
  2263 | D:4      | Killed an ice beast
  2264 | D:4      | Reached skill level 5 in Ranged Weapons
  2264 | D:4      | Reached XP level 5. HP: 32/32 MP: 5/5
  2289 | D:4      | Reached XP level 6. HP: 37/37 MP: 6/6
  2629 | D:4      | Found a glowing drain.
  2638 | Sewer    | Entered a sewer
  2821 | Sewer    | Reached XP level 7. HP: 40/43 MP: 7/7
  3504 | D:5      | Entered Level 5 of the Dungeon
  3797 | D:5      | Reached skill level 1 in Long Blades
  4064 | D:5      | Reached XP level 8. HP: 48/48 MP: 8/8
  4136 | D:5      | Reached skill level 5 in Fighting
  4236 | D:5      | Reached skill level 2 in Long Blades
  4521 | D:6      | Found an iron altar of Okawaru.
  4649 | D:6      | Reached skill level 5 in Armour
  4749 | D:6      | Reached skill level 3 in Long Blades
  4749 | D:6      | Reached XP level 9. HP: 48/55 MP: 9/9
  4978 | D:6      | Noticed an animated shadow dragon scales
  4979 | D:6      | Found Coeclare's Armour Shoppe.
  4979 | D:6      | Noticed an animated crystal plate armour
  5534 | D:7      | Found a staircase to the Ecumenical Temple.
  5547 | Temple   | Entered the Ecumenical Temple
  5563 | Temple   | Became a worshipper of Dithmenos the Shadowed
  5627 | D:7      | Reached skill level 5 in Dodging
  5632 | D:7      | Noticed Joseph
  5780 | D:7      | Noticed Jeremiah
  5782 | D:7      | Killed Jeremiah
  5783 | D:7      | Reached skill level 4 in Long Blades
  5920 | D:7      | Found a sparkling altar of Nemelex Xobeh.
  5920 | D:7      | Found an opulent altar of Gozag.
  6324 | D:7      | Reached XP level 10. HP: 56/63 MP: 10/10
  6496 | D:8      | Noticed Erica
  6540 | D:9      | Reached skill level 1 in Shields
  6739 | D:9      | Found a bloodstained altar of Trog.
  6778 | D:9      | Noticed a two-headed ogre
  6791 | D:9      | Killed a two-headed ogre
  6792 | D:9      | Reached skill level 5 in Long Blades
  6854 | D:9      | Found a white marble altar of Elyvilon.
  7147 | D:9      | Found a hazy altar of Hepliaklqana.
  7147 | D:9      | Found an ornate altar of the Wu Jian Council.
  7173 | D:9      | Reached * piety under Dithmenos
  7180 | D:9      | Reached skill level 6 in Long Blades
  7596 | D:8      | Identified the +0 ring mail of Dim Light {Rampage *Corrode
                  | rC+++ Stlth-}
  7611 | D:8      | Got a decrepit book
  7703 | D:8      | Killed Erica
  7705 | D:8      | Reached XP level 11. HP: 42/68 MP: 11/11
  7933 | D:8      | Found an ancient bone altar of Kikubaaqudgha.
  7934 | D:8      | Found a blossoming altar of Fedhas.
  8248 | D:9      | Reached skill level 7 in Long Blades
  8274 | D:9      | Found a staircase to the Lair.
  8584 | D:10     | Entered Level 10 of the Dungeon
  8623 | D:10     | Noticed an orc knight
  8639 | D:10     | HP: 1/69 [orc knight/+0 battleaxe (14)]
  8640 | D:10     | Killed an orc knight
  8879 | D:10     | Noticed a centaur warrior
  8896 | D:10     | Killed a centaur warrior
  8907 | D:10     | Reached ** piety under Dithmenos
  9292 | D:10     | Reached skill level 5 in Shields
  9508 | D:10     | Noticed Josephine
  9554 | D:10     | Killed Josephine
  9555 | D:10     | Reached skill level 8 in Long Blades
  9999 | D:10     | Found Soodghesk's Book Shop.
 10046 | D:10     | Reached XP level 12. HP: 63/76 MP: 12/12
 10957 | D:11     | Noticed Lodul
 11239 | D:10     | Killed Lodul
 11387 | D:11     | Reached skill level 9 in Long Blades
 11393 | D:11     | Found a staircase to the Orcish Mines.
 11423 | D:11     | Reached *** piety under Dithmenos
 11493 | D:11     | Identified the +3 falchion of the Ghost {venom, Drain rF+
                  | Str+4 Stlth+}
 11581 | D:11     | Noticed a boulder beetle
 11608 | D:11     | Killed a boulder beetle
 12209 | D:12     | Noticed a two-headed ogre
 12314 | D:11     | Killed a two-headed ogre
 12442 | D:12     | Reached skill level 10 in Fighting
 12738 | D:12     | Noticed a two-headed ogre
 12743 | D:12     | Killed a two-headed ogre
 13018 | D:12     | Found a blossoming altar of Fedhas.
 13431 | Orc:1    | Entered Level 1 of the Orcish Mines
 13502 | Orc:1    | Reached skill level 10 in Long Blades
 13505 | Orc:1    | Reached skill level 10 in Armour
 13558 | Orc:1    | Found a frozen archway.
 13729 | IceCv    | Entered an ice cave
 14008 | IceCv    | Reached XP level 13. HP: 77/83 MP: 13/13
 14012 | IceCv    | Reached **** piety under Dithmenos
 14403 | IceCv    | Identified the +0 scale mail of Going Fast {Int+3}
 16756 | Orc:2    | Entered Level 2 of the Orcish Mines
 16919 | Orc:2    | Found Sedalo's Magic Scroll Boutique.
 16940 | Orc:2    | Found Qux Tack's Antique Armour Shop.
 17035 | Orc:2    | Found Wothiname's Weapon Boutique.
 17039 | Orc:2    | Bought the +11 Singing Sword {sonic wave} for 1400 gold
                  | pieces
 17039 | Orc:2    | Found the +11 Singing Sword {sonic wave}
 17090 | Orc:2    | Found a dark tunnel.
 17118 | Volcano  | Entered a volcano
 17317 | Volcano  | Reached skill level 11 in Long Blades
 18014 | Orc:2    | Paralysed by an orc sorcerer for 2 turns
 18043 | Orc:2    | Bought a pair of embroidered gloves for 172 gold pieces
 18065 | Orc:2    | Found an ancient bone altar of Kikubaaqudgha.
 18244 | Orc:2    | Found a radiant altar of Vehumet.
 18253 | Orc:2    | Found Geopsebea's Jewellery Shop.
 18299 | Orc:2    | Found Ucuzonku's Antique Armour Shop.
 18764 | Orc:2    | Bought a spiked chain mail for 285 gold pieces
 18764 | Orc:2    | Identified the +8 chain mail "Sifiatwo" {Str+5} (You bought
                  | it in a shop on level 2 of the Orcish Mines)
 18888 | Orc:2    | Found a staircase to the Elven Halls.
 19208 | Lair:1   | Entered Level 1 of the Lair of Beasts
 19343 | Lair:1   | Noticed Maggie
 19347 | Lair:1   | Killed Maggie
 19383 | Lair:1   | Gained mutation: Your large and strong wings let you fly.
                  | [Gargoyle growth]
 19383 | Lair:1   | Reached XP level 14. HP: 82/90 MP: 14/14
 19425 | Lair:1   | Reached ***** piety under Dithmenos
 20256 | Lair:2   | Found a stormy altar of Qazlal.
 20323 | Lair:2   | Identified the +8 glaive of the Changing Messenger {speed,
                  | rPois rN+ MP+9 Str-2}
 20371 | Lair:2   | Reached skill level 12 in Long Blades
 20506 | Lair:2   | Found a hole to the Spider Nest.
 21076 | Lair:3   | Found a runed translucent gate.
 21076 | Lair:3   | Found a runed translucent gate.
 21076 | Lair:3   | Found a runed translucent gate.
 21082 | Lair:3   | Noticed Minoc's ghost (journeyman FoGl)
 21085 | Lair:3   | Noticed Urug
 21098 | Lair:3   | Killed Urug
 21223 | Lair:3   | Found a staircase to the Shoals.
 22001 | Lair:4   | Found a viscous altar of Jiyva.
 22001 | Lair:4   | Found a staircase to the Slime Pits.
 22899 | Lair:4   | Identified the +0 chain mail of the Doldrums {rPois MP+9}
 23210 | Lair:5   | Entered Level 5 of the Lair of Beasts
 23529 | Lair:5   | Reached XP level 15. HP: 97/97 MP: 15/15
 23560 | Lair:5   | Reached skill level 10 in Shields
 23597 | Lair:5   | Got a tattered book
 23636 | Lair:5   | Reached skill level 13 in Long Blades
 24184 | Lair:5   | Found a burning altar of Makhleb.
 24232 | Lair:5   | Found a gateway to Hell.
 24410 | Shoals:1 | Entered Level 1 of the Shoals
 24610 | Shoals:1 | Noticed Nikola
 24663 | Shoals:1 | Killed Nikola
 24749 | Shoals:1 | Noticed Roxanne
 25330 | Shoals:1 | Killed Roxanne
 25428 | Shoals:2 | Identified the +2 ring mail of Elyvilon's Indignation {Harm
                  | Drain rElec rPois}
 25463 | Shoals:2 | Reached ****** piety under Dithmenos
 25481 | Shoals:2 | Reached skill level 10 in Dodging
 26464 | Orc:2    | Bought the ring "Reqehag" {rC- Will+ Dex+3 Slay+2} for 635
                  | gold pieces
 26737 | Shoals:3 | Reached skill level 14 in Long Blades
 26984 | Shoals:3 | Reached XP level 16. HP: 91/104 MP: 16/16
 27560 | Shoals:4 | Entered Level 4 of the Shoals
 28881 | Shoals:4 | Reached skill level 15 in Long Blades
 28969 | Shoals:4 | Got a barnacled rune of Zot
 29049 | Shoals:4 | Identified the -2 pair of gloves of the Assorted Lovers
                  | {rF+ Str-4 Int+4 Dex+2}
 29239 | Spider:1 | Entered Level 1 of the Spider Nest
 29334 | Spider:1 | Identified the +4 kite shield of the Old and Reckless {rF+
                  | rCorr Dex+4 Stlth+}
 29334 | Spider:1 | Noticed Asterion
 29796 | Elf:1    | Entered Level 1 of the Elven Halls
 29820 | Elf:1    | Found a radiant altar of Vehumet.
 29906 | Elf:1    | Reached XP level 17. HP: 111/111 MP: 17/17
 30161 | Elf:1    | Found Koqyap's Magic Scroll Shoppe.
 30169 | Elf:1    | Bought a scroll of enchant armour for 105 gold pieces
 30895 | Elf:1    | Acquired a +6 ring of dexterity
 30923 | Elf:1    | Paralysed by an air elemental for 1 turns
 31088 | Elf:2    | Paralysed by an air elemental for 1 turns
 31111 | Elf:2    | Reached skill level 16 in Long Blades
 31215 | Elf:2    | Identified the +6 scale mail "Ablesuj" {rC+++ rCorr Int-3
                  | Stlth-}
 31280 | Elf:2    | Found a runed translucent gate.
 31280 | Elf:2    | Found a runed translucent gate.
 31280 | Elf:2    | Found a runed translucent gate.
 31283 | Elf:2    | Reached skill level 15 in Fighting
 31473 | Elf:2    | Noticed Louise
 31495 | Elf:2    | Killed Louise
 31516 | Elf:2    | Reached XP level 18. HP: 97/119 MP: 18/18
 31696 | Elf:2    | Reached skill level 15 in Armour
 31968 | Elf:3    | Entered Level 3 of the Elven Halls
 31969 | Elf:3    | Found Rinauv's Book Boutique.
 32168 | Elf:3    | Found Pimublar's Magic Scroll Emporium.
 32186 | Elf:3    | Found Xolubank's General Store.
 32210 | Elf:3    | Found Ynaown Wyirph's Book Shop.
 32210 | Elf:3    | Found Basi Bum's Jewellery Shoppe.
 32212 | Elf:3    | Found Camy's Book Shop.
 32310 | Elf:3    | Found Plog's Armour Shop.
 32566 | Elf:3    | Noticed a deep elf master archer
 32581 | Elf:3    | Killed a deep elf master archer
 32598 | Elf:3    | Reached skill level 17 in Long Blades
 32779 | Elf:3    | Identified the +7 long sword of Akkuwke {antimagic, Int+4
                  | SInv}
 32789 | Elf:3    | Identified the ring "Xafei" {Ice rElec MP+9 Dex-5 Stlth+}
 32805 | Elf:3    | Identified the +1 quarterstaff of the Ghost {heavy, Fly}
 33084 | Elf:3    | Identified the +2 flail "BinkBink's Death" {protect, rElec
                  | rPois Stlth-}
 33441 | Elf:3    | Identified the amulet "Kac Jitt" {Spirit Rampage Str+3
                  | Slay+2}
 33472 | Elf:3    | Identified the +4 battleaxe of Dullness {venom, Will+ rCorr
                  | SInv}
 33645 | Elf:3    | Found the +3 pair of seven-league boots {Rampage+∞}
 33668 | Elf:3    | Got a thrumming book
 33856 | Elf:3    | Bought a +2 hat for 240 gold pieces
 33948 | Elf:3    | Found Siokhliv's Distillery.
 33963 | Elf:3    | Noticed a deep elf blademaster
 33972 | Elf:3    | Killed a deep elf blademaster
 34766 | D:13     | Found Riuhec's Gadget Gallery.
 34807 | D:13     | Found Fudie's Weapon Shoppe.
 34813 | D:13     | Reached XP level 19. HP: 112/125 MP: 19/19
 34970 | D:13     | Found a gate to the Vaults.
 35144 | D:14     | Got a blackened book
 35728 | D:15     | Entered Level 15 of the Dungeon
 35823 | D:15     | Found Risoruh's Armour Shoppe.
 35832 | D:15     | Bought a +0 helmet of see invisible for 195 gold pieces
 36165 | D:15     | Found a basalt altar of Yredelemnul.
 36272 | D:15     | Paralysed by an orc sorcerer for 5 turns
 36286 | D:15     | Found a staircase to the Depths.
 36666 | Spider:1 | Killed Asterion
 36699 | Spider:1 | Identified the amulet of Zisuerch {Acrobat Str+3}
 36972 | Spider:1 | Reached skill level 18 in Long Blades
 37209 | Spider:1 | Noticed Agnes
 37216 | Spider:1 | Killed Agnes
 38117 | Spider:2 | Found a runed translucent gate.
 38119 | Spider:2 | Found a runed translucent gate.
 38119 | Spider:2 | Found a runed translucent gate.
 38125 | Spider:2 | Noticed Salticidae's ghost (adept FeSh)
 38125 | Spider:2 | Noticed Ulaiz's ghost (adept OpSu)
 38522 | Spider:2 | Killed Salticidae's ghost
 38528 | Spider:2 | Killed Ulaiz's ghost
 38771 | D:7      | Killed Joseph
 38917 | Lair:3   | Killed Minoc's ghost
 39199 | Spider:3 | Reached XP level 20. HP: 132/132 MP: 20/20
 39416 | Spider:3 | Noticed Arachne
 39416 | Spider:3 | Noticed Mlioglotl
 39433 | Spider:3 | Killed Mlioglotl
 39444 | Spider:3 | Killed Arachne
 39766 | Spider:3 | Reached skill level 15 in Shields
 40192 | Spider:4 | Entered Level 4 of the Spider Nest
 40781 | Spider:4 | Reached skill level 19 in Long Blades
 41003 | Spider:4 | Got a gossamer rune of Zot
 41318 | Vaults:1 | Entered Level 1 of the Vaults
 41547 | Vaults:1 | Reached XP level 21. HP: 140/140 MP: 21/21
 42195 | Vaults:1 | Noticed Saint Roka
 42217 | Vaults:1 | Killed Saint Roka
 42414 | Vaults:1 | Found Ryokouca's Magic Scroll Shoppe.
 42418 | Vaults:1 | Bought a scroll of enchant armour for 105 gold pieces
 42418 | Vaults:1 | Bought a scroll of blinking for 105 gold pieces
 42470 | Vaults:1 | Got a yellowed book
 42965 | Vaults:2 | Reached skill level 20 in Long Blades
 43194 | Vaults:2 | Found a staircase to the Crypt.
 43834 | Vaults:3 | Noticed Jory
 43840 | Vaults:3 | Reached XP level 22. HP: 147/147 MP: 22/22
 43848 | Vaults:3 | Noticed Sojobo
 43849 | Vaults:3 | Killed Jory
 43878 | Vaults:3 | Killed Sojobo
 45040 | Vaults:4 | Identified the +3 leather armour of Hixulimi {rC+}
 45265 | Vaults:4 | Reached skill level 21 in Long Blades
 45519 | Vaults:4 | Identified the +1 pair of gloves of Vatz {+Blink Will+
                  | Str+2}
 45716 | Vaults:4 | Found a portal to a secret trove of treasure.
 46005 | Vaults:5 | Entered Level 5 of the Vaults
 46280 | Slime:1  | Entered Level 1 of the Pits of Slime
 46432 | Slime:1  | Reached XP level 23. HP: 149/153 MP: 23/23
 46835 | Slime:2  | Found a viscous altar of Jiyva.
 46904 | Slime:3  | Gained mutation: You are somewhat resistant to further
                  | mutation. [a shining eye]
 48506 | Slime:5  | Entered Level 5 of the Pits of Slime
 49111 | Slime:5  | Noticed Donald
 49553 | Slime:5  | Noticed the Royal Jelly
 49573 | Slime:5  | Killed the Royal Jelly
 49768 | Slime:5  | Killed Donald
 49779 | Slime:5  | Reached skill level 15 in Dodging
 49847 | Slime:5  | Identified the +3 quarterstaff "Caisod" {flame, Str+2
                  | Int+2}
 49872 | Slime:5  | Got an odd book
 49873 | Slime:5  | Identified the +1 robe "Weqaobly" {MP+9 SInv}
 49877 | Slime:5  | Identified the +1 pair of boots "Archouli" {Drain rF+++
                  | Int+4 Dex+2}
 49896 | Slime:5  | Identified the ring "Ceisori" {Contam Fly rElec rC+ Stlth+}
 49899 | Slime:5  | Got a slimy rune of Zot
 49911 | Slime:5  | Identified the amulet of Vehumet's Benevolence {Regen+ MP+9
                  | Int+4 Dex+3}
 49915 | Slime:5  | Identified the +1 short sword of Cocytus {drain, Stlth+}
 49918 | Slime:5  | Identified the ring of Zeybed {Ice Drain +Blink rN+}
 49939 | Slime:5  | Identified the +7 spear of Cheibriados, Dancing {flame,
                  | Will+}
 50444 | Crypt:1  | Entered Level 1 of the Crypt
 51384 | Crypt:2  | Reached skill level 22 in Long Blades
 51582 | Crypt:2  | Identified the +1 helmet of Patience {*Slow rElec rC+ SInv}
 51797 | Crypt:2  | Reached XP level 24. HP: 154/162 MP: 23/23
 52101 | Crypt:3  | Entered Level 3 of the Crypt
 52119 | Crypt:3  | Found a staircase to the Tomb.
 52603 | Crypt:3  | Found a basalt altar of Yredelemnul.
 53103 | Crypt:3  | Noticed a dread lich
 53119 | Crypt:3  | Killed a dread lich
 53127 | Crypt:3  | Identified the +5 hand axe of the Modern Xenops {flame, rN+
                  | SInv}
 53147 | Crypt:3  | Identified the +4 halberd of Imminent Death {holy, rN+
                  | Int+3}
 53401 | Tomb:1   | Entered Level 1 of the Tomb of the Ancients
 53623 | Tomb:1   | Paralysed by a sphinx for 3 turns
 53713 | Tomb:1   | Noticed a royal mummy
 53908 | Tomb:1   | Killed a royal mummy
 54033 | Tomb:1   | Reached skill level 23 in Long Blades
 54185 | Tomb:1   | Reached XP level 25. HP: 169/169 MP: 23/23
 54554 | Tomb:1   | Identified the +3 ring mail of Classification {rC+ MP+9
                  | Str+2 Dex-5}
 54947 | D:15     | Gained mutation: You possess an exceptional clarity of
                  | mind. [mutagenic glow]
 55067 | Depths:1 | Entered Level 1 of the Depths
 55078 | Depths:1 | Found a radiant altar of Vehumet.
 55123 | Depths:1 | Found Binerun's Blood Bar.
 55156 | Depths:1 | Found a one-way gateway to a ziggurat.
 55526 | Depths:1 | Found a runed translucent door.
 55529 | Depths:1 | Noticed Tuntiy's ghost (veteran DjFE)
 56001 | Depths:2 | Found Xamigrux's Weapon Shop.
 56013 | Depths:2 | Found Kycweof's Magic Scroll Emporium.
 56024 | Depths:2 | Bought a scroll of enchant armour for 165 gold pieces
 56031 | Depths:2 | Found Usuolaq's Neck Hole.
 56046 | Depths:2 | Identified the +8 shortbow "Ora Hor" {freeze, Str+4}
 56049 | Depths:2 | Found Begoj's Assorted Antiques.
 56227 | Depths:2 | Acquired the amulet "Utoic" {Reflect Dex+3 SH+5}
 56259 | Depths:2 | Found Juohukk's Book Shoppe.
 56883 | Depths:2 | Found Vodomaus's Armour Boutique.
 56931 | Depths:2 | Identified the +9 rapier "Tomeis" {flame, rC++ rCorr
                  | Stlth+}
 56940 | Depths:2 | Found a one-way gate leading to the halls of Pandemonium.
 57078 | Depths:3 | Found a one-way gate to the infinite horrors of the Abyss.
 57085 | Depths:3 | Noticed Norris
 57095 | Depths:3 | Killed Norris
 57243 | Depths:3 | Noticed Mara
 57250 | Depths:3 | Killed Mara
 57395 | Depths:3 | Found Hisiluw's Weapon Emporium.
 57437 | Depths:3 | Found Moim's Weapon Boutique.
 57464 | Depths:3 | Found an opulent altar of Gozag.
 57891 | Depths:3 | Found Mogol's Antique Armour Boutique.
 57898 | Depths:3 | Bought a spiked chain mail for 266 gold pieces
 57898 | Depths:3 | Identified the +0 chain mail of Biful {Fly} (You bought it
                  | in a shop on level 3 of the Depths)
 57898 | Depths:3 | Bought a slimy plate armour for 784 gold pieces
 57898 | Depths:3 | Identified the +4 plate armour of the Barracuda {Str+2
                  | Dex+3} (You bought it in a shop on level 3 of the Depths)
 57898 | Depths:3 | Bought a faintly glowing scale mail for 252 gold pieces
 57898 | Depths:3 | Identified the +1 scale mail "Jiohybbikh" {rC+} (You bought
                  | it in a shop on level 3 of the Depths)
 57957 | Depths:4 | Entered Level 4 of the Depths
 58254 | Depths:4 | Noticed Mennas
 58265 | Depths:4 | Killed Mennas
 58266 | Depths:4 | Reached XP level 26. HP: 176/177 MP: 23/23
 58296 | Depths:4 | Reached skill level 24 in Long Blades
 58553 | Depths:4 | Found a gate to the Realm of Zot.
 59185 | Depths:4 | Found Womycom's Armour Emporium.
 59546 | Depths:2 | Bought a scroll of enchant weapon for 165 gold pieces
 59794 | Orc:2    | Bought a scroll of enchant weapon for 105 gold pieces
 60269 | Tomb:2   | Noticed a royal mummy
 60269 | Tomb:2   | Noticed a royal mummy
 60313 | Tomb:2   | Noticed a royal mummy
 60326 | Tomb:2   | Noticed a royal mummy
 60458 | Tomb:2   | Killed a royal mummy
 60463 | Tomb:2   | Killed a royal mummy
 60470 | Tomb:2   | Killed a royal mummy
 60502 | Tomb:2   | Killed a royal mummy
 60787 | Tomb:1   | Noticed a royal mummy
 60796 | Tomb:1   | Noticed a royal mummy
 60797 | Tomb:1   | Noticed a royal mummy
 60798 | Tomb:1   | Noticed a royal mummy
 60803 | Tomb:1   | Killed a royal mummy
 60804 | Tomb:1   | Killed a royal mummy
 60930 | Tomb:1   | Killed a royal mummy
 60941 | Tomb:1   | Noticed a royal mummy
 60943 | Tomb:1   | Killed a royal mummy
 60952 | Tomb:1   | Killed a royal mummy
 60957 | Tomb:1   | Mangled by a stone giant simulacrum

Illustrated notes

Levels and vault maps discovered:
D:1:      dpeg_arrival_castle, layout_loops_ring
D:2:      layout_loops_cross
D:3:      layout_basic, minmay_misc_feat_tower
D:4:      minmay_chambers_of_threes, layout_rooms, portal_sewer_entry_a,
          uniq_grinder
D:5:      layout_basic
D:6:      minmay_general_purpose_star, layout_basic,
          kennysheep_okawaru_gauntlet, serial_shops, nicolae_shop_mannequins
D:7:      layout_loops_ring, grunt_temple_overflow_opulence,
          minmay_temple_entry_mist, uniq_jeremiah, uniq_joseph
D:8:      layout_cave_pools, grunt_temple_overflow_growth_and_decay,
          nicolae_houndstooth_variations, uniq_erica
D:9:      layout_cave_pools, mainiacjoe_overflow_alcove_2, elyvilon_altar_3,
          gammafunk_temple_overflow_statue, due_lair_maze_entry_diamond
D:10:     minmay_opposing_rooms, layout_stronghold, serial_shops,
          nicolae_lakefront_shop, enter_bailey_3, uniq_josephine
D:11:     layout_loops_ring, erik_orc_3, uniq_lodul
D:12:     layout_basic, fedhas_altar_3
D:13:     layout_rooms, ximxim_vaults_locker_room, serial_shops, shop,
          nicolae_shop_gadgets
D:14:     layout_irregular_city, grunt_decor_cap
D:15:     grunt_enter_depths_magical_seal, layout_basic, serial_shops,
          nicolae_square_shop, yredelemnul_altar_generic
Temple:   dshaligram_water_room_temple
Lair:1:   layout_cave_pods, beast_lair_carwin_1, uniq_maggie
Lair:2:   layout_regular_city, hellmonk_spider_entry_life_and_decay,
          basic_altar, serial_bayou_pond_c, chequers_serial_rivers_room_b
Lair:3:   layout_regular_city, elwin_shoals_entry_rooms,
          gammafunk_ghost_necromancy, chequers_serial_rivers_room_a, uniq_urug
Lair:4:   layout_cave_pods, slime_entry_1, beast_lair_carwin_4,
          serial_bayou_shore_a, infiniplex_staircase_pool_2
Lair:5:   evil_forest, layout_cave_pods
Shoals:1: layout_shoals, uniq_nikola, uniq_roxanne
Shoals:2: layout_shoals
Shoals:3: layout_shoals, yaktaur_hedge
Shoals:4: shoals_end_hangedman, layout_shoals
Spider:1: layout_cave_pods, uniq_asterion, uniq_agnes
Spider:2: layout_cave_pods, gammafunk_ghost_cemetery
Spider:3: layout_chambers, drop_trap, hellmonk_narrow_tunnel, uniq_arachne,
          uniq_mlioglotl
Spider:4: grunt_spider_rune_circles, nicolae_spider_webs_and_nodes, drop_trap
Slime:1:  layout_caves, cheibrodos_slime_lost_civilization_7
Slime:2:  layout_caves, basic_altar, nicolae_slime_phagocytosis
Slime:3:  layout_caves
Slime:4:  layout_caves
Slime:5:  slime_pit_nicolae_royal_road_to_ruin, uniq_donald
Orc:1:    layout_caves, portal_ice_cave_entry_imps
Orc:2:    kennysheep_orc_mage_school, layout_diamond_mine,
          nicolae_volcano_entry_two_sided, serial_shops,
          nicolae_shop_back_alley_shop
Elf:1:    eino_elf_arrival_altar, layout_onion_city, serial_shops,
          nicolae_shop_tiny_waterfront, hangedman_corner_corridor, st_stairs_5
Elf:2:    elven_hall_of_blades_hangedman_original [nicolae_blade_tridents],
          layout_geoelf_grid, minivault_16, minivault_14, uniq_louise
Elf:3:    minmay_elf_hall_x, layout_loops_corners, serial_shops, shop, shop,
          shop, nicolae_shop_hallway_stairs, nicolae_shop_back_alley_shop,
          drop_trap, minmay_shop_grove
Vaults:1: dpeg_vaults_pockets_of_resistance, vaults_mumra_minichess, v_misc_28,
          nicolae_vaults_more_shelving_1, nicolae_vaults_apartment_1,
          layout_vaults_omnigrid, serial_shops, nicolae_shop_back_alley_shop,
          uniq_saint_roka
Vaults:2: nicolae_vaults_tangent_ellipses, vaults_room_pools,
          minmay_crypt_entry_simple_statues, nicolae_vaults_border_crossing,
          v_misc_31, nicolae_vaults_closet_pinwheel_4,
          grunt_vaults_hallway_long, hangedman_vaults_slice,
          vaults_dpeg_diagonal, v_misc_14, layout_vaults_big_room
Vaults:3: nicolae_vaults_security_offices_6, v_misc_22, vaults_dpeg_spiral,
          nicolae_vaults_diamond_1, nicolae_vaults_tangram_1,
          nicolae_vaults_network_periphery, vaults_dpeg_ring,
          nicolae_vaults_triangles, nicolae_vaults_little_squares_6,
          vaults_room_stairs_pillars, layout_vaults_big_cross, uniq_sojobo,
          uniq_jory
Vaults:4: nicolae_vaults_security_offices_4, nicolae_vaults_disjoint_gnomons,
          nicolae_vaults_three_branches, nicolae_vaults_shelves_hall,
          nicolae_vaults_closet_pinwheel_6, v_rooms_3, v_misc_25,
          nicolae_vaults_tetromino_Z_2, nicolae_vaults_oval_intersection,
          vaults_room_door_hall, ontoclasm_vaults_decontamination,
          vaults_room_corners, layout_vaults_maze_bifur, enter_trove_1,
          uniq_margery
Vaults:5: serial_shops
Crypt:1:  layout_catacombs, lemuel_upstairs_altar, grunt_crypt_arrival_webbed
Crypt:2:  statuecave_lemuel, layout_misc_corridors, grunt_megastairs_5
Crypt:3:  church_of_pain_bobbens, layout_chaotic_city
Tomb:1
Tomb:2
Depths:1: layout_basic, enter_ziggurat_e, grunt_hell_entry_dis_grunt,
          ebering_ghost_inner_flame, vehumet_crystals, interstate_on_off,
          chequers_big_river, guppyfry_shop_blood
Depths:2: minmay_thick_lines, layout_cave_shapes,
          nicolae_hell_entry_hellmouth_sunbeams, serial_shops,
          nicolae_shop_peninsula, nicolae_shop_tiny_waterfront,
          nicolae_diamond_shop, nicolae_square_shop,
          nicolae_shop_just_a_little_nook, rand_demon_pan_entry_4, hex_tiny,
          nicolae_shop_sticking_my_neck_out
Depths:3: cheibrodos_tormentor_scu, layout_cave_pools, serial_shops,
          nicolae_shop_bloodbath_and_beyond, nicolae_shop_crystal,
          kennysheep_little_box, serial_bayou_pond_a, abyss_entry, hell_entry,
          grunt_gozag_statues, uniq_norris, uniq_mara
Depths:4: grunt_zot_entry_pinwheel, layout_gridlike, serial_shops, shop,
          minmay_room_of_horrors, hell_entry, grunt_megastairs_4, uniq_mennas

Skill      XL: |  1  2  3  4  5  6  7  8  9 10 11 12 13 14 15 16 17 18 19 20 21 22 23 24 25 26 |
---------------+-------------------------------------------------------------------------------+-----
Armour         | 1 2 3 4 5 6 7 8 10 11 12 13 14 15 16 17 18 19 20 21 | 21.6
Dodging        | 2 3 4 5 6 7 8 9 10 11 12 13 14 15 16 | 16.8
Fighting       | 3 4 5 7 8 9 10 11 12 13 14 15 16 17 18 19 20 21 | 21.7
Ranged Weapons | 5 6 7 8 |  8.1
Long Blades    | 1 3 4 6 8 10 11 12 14 15 16 17 18 19 20 21 22 23 24 | 24.6
Shields        | 3 5 7 8 9 11 12 13 14 15 16 17 18 19 20 | 20.3
Stealth        | |  1.1

Action                     |  1- 3 |  4- 6 |  7- 9 | 10-12 | 13-15 | 16-18 | 19-21 | 22-24 | 25-27 || total
---------------------------+-------+-------+-------+-------+-------+-------+-------+-------+-------++-------
  Melee: Long sword        |       |       |     9 |   105 |       |       |       |       |       ||   114
         Scimitar          |       |       |       |   388 |   149 |       |       |       |       ||   537
         Double sword      |       |       |       |       |   592 |   613 |  1048 |  1435 |   870 ||  4558
   Fire: Shortbow          |    76 |   161 |   249 |       |       |       |       |       |       ||   486
         Arbalest          |       |       |       |    86 |       |       |       |       |       ||    86
  Evoke: Wand              |       |       |       |       |     1 |       |       |       |       ||     1
    Use: Scroll            |       |    11 |     9 |    13 |    12 |     9 |     3 |     4 |    10 ||    71
         Potion            |       |       |     2 |     2 |     8 |     1 |     3 |     4 |     3 ||    23
   Stab: Sleeping          |       |       |       |       |       |       |     4 |    12 |     2 ||    18
         Distracted        |       |       |       |       |       |       |     2 |     3 |       ||     5
 Armour: Leather armour    |    19 |    19 |       |       |       |       |       |       |       ||    38
         Ring mail         |       |    52 |    74 |   290 |       |       |       |       |       ||   416
         Plate armour      |       |       |       |   159 |   657 |   219 |       |       |       ||  1035
         Chain mail        |       |       |       |       |       |   257 |   456 |   524 |   244 ||  1481
  Dodge: Dodged            |    21 |    63 |    58 |   242 |   132 |   227 |   539 |   667 |   446 ||  2395
  Block: Kite shield       |       |       |     6 |   298 |   379 |   288 |   884 |  1183 |   784 ||  3822
         Tower shield      |       |       |       |       |       |   128 |   138 |       |       ||   266

Table legend: (Time is in decaauts)
 A = Elapsed time spent in this place.
 B = Non-inter-level travel time spent in this place.
 C = Inter-level travel time spent in this place.
 D = Time resting spent in this place.
 E = Time spent auto-exploring this place.
 F = Levels seen in this place.
 G = Mean time per level.
                   A        B        C        D        E       F      G
               +--------+--------+--------+--------+--------+-----+--------+
         Total |  60660 |  54723 |   5937 |   8415 |  34038 |  56 | 1083.2 |
       Dungeon |  16671 |  14710 |   1961 |   2443 |   9346 |  15 | 1111.4 |
        Temple |     32 |      2 |     30 |      0 |      0 |   1 |   32.0 |
          Lair |   6475 |   5531 |    944 |    309 |   4383 |   5 | 1295.0 |
        Shoals |   4305 |   4090 |    215 |    478 |   2673 |   4 | 1076.2 |
   Spider Nest |   4079 |   3870 |    209 |    381 |   2686 |   4 | 1019.8 |
    Slime Pits |   3667 |   3288 |    379 |    854 |   1637 |   5 |  733.4 |
  Orcish Mines |   2598 |   1912 |    686 |    439 |    733 |   2 | 1299.0 |
   Elven Halls |   4469 |   4143 |    326 |    578 |   2523 |   3 | 1489.7 |
        Vaults |   4780 |   4232 |    548 |    220 |   3061 |   5 |  956.0 |
         Crypt |   2961 |   2710 |    251 |     72 |   1953 |   3 |  987.0 |
          Tomb |   2029 |   1800 |    229 |    360 |    850 |   2 | 1014.5 |
        Depths |   4337 |   4182 |    155 |    222 |   2938 |   4 | 1084.2 |
         Sewer |    708 |    708 |      0 |      0 |    549 |   1 |  708.0 |
      Ice Cave |   2690 |   2690 |      0 |   1538 |    578 |   1 | 2690.0 |
       Volcano |    851 |    851 |      0 |    517 |    125 |   1 |  851.0 |
               +--------+--------+--------+--------+--------+-----+--------+

Top non-repeatable levels by time:
   IceCv: 2690 daAuts
    D:10: 2678 daAuts
   Elf:3: 2189 daAuts
   Orc:2: 1824 daAuts
    D:11: 1617 daAuts
     D:9: 1562 daAuts
Shoals:4: 1532 daAuts
  Tomb:1: 1510 daAuts
 Slime:5: 1460 daAuts
Vaults:1: 1454 daAuts
Depths:4: 1421 daAuts
  Lair:2: 1393 daAuts
  Lair:3: 1349 daAuts
  Lair:1: 1332 daAuts
 Crypt:3: 1286 daAuts
